 Dungeon Crawl Stone Soup version 0.29.1-1-gd02db6906a (webtiles) character file.

Game seed: 5335192750436684833

3808 ImASeal the Cleaver (level 9, -7/136 (139) HPs)
             Began as a Troll Berserker on Oct 1, 2022.
             Was a High Priest of Trog.
             Mangled by an orc warrior
             ... wielding a +0 glaive
              (12 damage)
             ... on level 8 of the Dungeon.
             The game lasted 00:23:53 (7533 turns).

ImASeal the Cleaver (Troll Berserker)               Turns: 7533, Time: 00:23:54

HP:   -7/136 (139)  AC:  6    Str: 31    XL:     9   Next: 96%
MP:   8/8           EV: 10    Int:  3    God:    Trog [*****.]
Gold: 727           SH:  0    Dex:  9    Spells: 8/8 levels left

rFire   + + .      SeeInvis .   D - +1 hand axe (drain)
rCold   . . .      Faith    .   (no shield)
rNeg    . . .      Spirit   .   b - +0 animal skin
rPois   .          Reflect  .   (helmet restricted)
rElec   .          Harm     .   (no cloak)
rCorr   .          Rampage  .   (gloves unavailable)
Will    +....      Clarity  +   (boots unavailable)
Stlth   ..........              (no amulet)
HPRegen 1.12/turn               q - ring of protection from fire
MPRegen 0.11/turn               C - ring of protection from fire

@: berserking, lightly drained, unable to drink, very quick
A: large, unfitting armour, claws 3, regeneration 1, shaggy fur 1, tough skin 1,
hooves 1, iridescent scales 1, clarity, strong-willed 1, inability to drink
after injury 1
a: Renounce Religion, Berserk, Trog's Hand, Brothers in Arms


You were on level 8 of the Dungeon.
You worshipped Trog.
Trog was extremely pleased with you.
You visited 2 branches of the dungeon, and saw 9 of its levels.
You also visited: Ossuary.

You collected 727 gold pieces.

Inventory:

Hand Weapons
 d - a +2 vorpal scythe
 s - a +0 dire flail
 w - a +0 war axe
 D - a +1 hand axe of draining (weapon)
 K - a +1 flail of draining
 Q - a +0 battleaxe
Missiles
 e - 90 stones (quivered)
 y - 4 atropa-tipped darts
 z - 8 poisoned darts
Armour
 b - a +0 animal skin (worn)
 x - the +6 scale mail "Humeolia" {rElec MP+9 Str-3 Dex+2}
   (You found it on level 3 of the Dungeon)

   Str:       It affects your strength (-3).
   Dex:       It affects your dexterity (+2).
   rElec:     It insulates you from electricity.
   MP:        It affects your magic capacity (+9).
Jewellery
 q - a ring of protection from fire (left claw)
 C - a ring of protection from fire (right claw)
 L - a +6 ring of dexterity
Wands
 N - a wand of polymorph (3)
Scrolls
 c - 4 scrolls of teleportation
 k - 2 scrolls of acquirement {unknown}
 l - a scroll of identify
 m - 2 scrolls of enchant armour {unknown}
 o - 2 scrolls of silence {unknown}
 r - 3 scrolls of noise {unknown}
 u - 2 scrolls of fog {unknown}
 v - 2 scrolls of vulnerability {unknown}
 A - a scroll of torment {unknown}
 B - 2 scrolls of poison {unknown}
 F - a scroll of brand weapon {unknown}
 G - a scroll of summoning {unknown}
 M - 2 scrolls of amnesia {unknown}
 P - 2 scrolls of magic mapping {unknown}
Potions
 f - 7 potions of brilliance
 g - 4 potions of haste {unknown}
 h - 2 potions of attraction {unknown}
 i - 5 potions of curing
 j - a potion of cancellation {unknown}
 n - 3 potions of lignification {unknown}
 p - 2 potions of berserk rage {unknown}
 t - a potion of ambrosia {unknown}
 E - a potion of mutation
 H - 2 potions of might {unknown}
 I - a potion of invisibility
 J - 2 potions of flight {unknown}
 O - a potion of resistance {unknown}
 R - a potion of heal wounds


   Skills:
 + Level 7.0 Fighting
 + Level 10.1 Axes
 + Level 2.9 Throwing
 - Level 2.4 Dodging


You had 8 spell levels left.
You didn't know any spells.
Your spell library was empty.

Dungeon Overview and Level Annotations

Branches:
Dungeon (8/15)             Temple (1/1) D:5         Ossuary (visited)
   Lair: D:8-11

Altars:
Ashenzari
Cheibriados
Dithmenos
Elyvilon
Fedhas
Hepliaklqana
Kikubaaqudgha
Makhleb
Okawaru
Qazlal
Ru
Sif Muna
Trog
Uskayaw
Vehumet
Wu Jian
Xom
Yredelemnul
Zin
The Shining One

Annotations:
D:5 1 runed translucent door, Ijyb


Innate Abilities, Weirdness & Mutations

You are too large for most types of armour.
You have claws for hands.
Your natural rate of healing is unusually fast.
You are covered in fur. (AC +1)
You have tough skin. (AC +1)
You have large cloven feet.
You are partially covered in iridescent scales. (AC +2)
You possess an exceptional clarity of mind.
You are strong-willed. (Will+)
You occasionally lose the ability to drink potions when taking damage.


Message History

You slash the orc priest!
You kill the orc priest!
Trog accepts your kill. The orc warrior barely misses you.
The orc warrior closely misses you.
The orc warrior hits you with a +0 glaive!
The orc closely misses you.
The orc priest calls down the wrath of Beogh upon you.
Beogh smites you!
The orc warrior hits you from afar with a +0 glaive!
You slash the orc priest! You drain the orc priest.
You kill the orc priest!
Trog accepts your kill.
You slash the orc!
You kill the orc!
Trog accepts your kill.
The orc warrior hits you from afar with a +0 glaive!
The orc warrior hits you with a +0 glaive!
You feel threatened and lose the ability to drink potions!
You are too injured to fight recklessly!
You are too injured to fight recklessly!
You are too injured to fight recklessly!
You hit the orc warrior.
The orc warrior is moderately wounded.
The orc warrior hits you with a +0 glaive!!
* * * LOW HITPOINT WARNING * * *
You barely miss the orc warrior.
The orc warrior is moderately wounded.
The orc warrior hits you with a +0 glaive.
* * * LOW HITPOINT WARNING * * *
A red film seems to cover your vision as you go berserk!
You feel yourself moving faster!
You feel mighty!
The orc warrior hits you with a +0 glaive!
* * * LOW HITPOINT WARNING * * *
You barely miss the orc warrior. You kick the orc warrior.
The orc warrior is moderately wounded.
You hit the orc warrior. Your kick misses the orc warrior.
The orc warrior is heavily wounded.
The orc warrior hits you with a +0 glaive!
You die...

#..#####.....
#............. ##
##............ ##^ #
##..........#.##.. #
............#.... #
#............#.### #
##.......[..#.....# #
#.....).).).#.....######
#.#....@...##...........
#.....o.)#......######
#...........).....# #
.......?..........# ####
.......>..........# #...
.#...........####.....##
#..>.........###..##
.............. ...#
>......#..#...#.. ##


You could see an orc warrior.

Vanquished Creatures
  Pikel (D:5)
  An unseen horror zombie (D:7)
  Sigmund (D:3)
  A steam dragon (D:8)
  2 water moccasins
  2 black bears
  2 ice beasts
  2 sky beasts (D:6)
  The ghost of topfpfpflanze the Ogre Mage, an amateur OgAE (D:3)
  A centaur (D:6)
  An ogre (D:5)
  A phantom (D:5)
  3 bullfrogs
  A necrophage (D:6)
  A wyvern zombie (D:7)
  A scorpion (D:5)
  4 wights (D:7)
  3 killer bees (D:7)
  A howler monkey (D:7)
  A hound (D:6)
  A centaur zombie (D:7)
  5 orc priests
  6 orc wizards
  5 iguanas
  Natasha (thrice) (D:3)
  8 mummies (Ossuary)
  8 gnolls
  12 adders
  A shadow imp (D:6)
  2 white imps
  An ufetubus (D:6)
  2 worms (D:2)
  A dart slug (D:1)
  18 orcs
  15 ball pythons
  5 endoplasms
  3 giant cockroaches
  7 goblins
  5 hobgoblins
  2 jackals (D:4)
  4 quokkas
  4 bats
  10 frilled lizards
  4 hobgoblin zombies (Ossuary)
  5 kobolds
  2 kobold zombies (Ossuary)
  2 orc zombies (Ossuary)
  9 rats
181 creatures vanquished.

Vanquished Creatures (others)
  A white imp (D:8)
  3 fungi (D:3)
  A plant (D:3)
  A withered plant (D:7)
6 creatures vanquished.

Grand Total: 187 creatures vanquished

Notes
Turn   | Place    | Note
-------+----------+-------------------------------------------
     0 | D:1      | ImASeal the Troll Berserker began the quest for the Orb.
     0 | D:1      | Reached XP level 1. HP: 22/22 MP: 0/0
   180 | D:1      | Reached XP level 2. HP: 29/29 MP: 1/1
   437 | D:1      | Reached skill level 3 in Axes
   556 | D:1      | Reached ** piety under Trog
   870 | D:2      | Reached XP level 3. HP: 30/36 MP: 2/2
  1490 | D:2      | Reached XP level 4. HP: 42/45 MP: 3/3
  1934 | D:3      | Identified the +6 scale mail "Humeolia" {rElec MP+9 Str-3
                  | Dex+2}
  1957 | D:3      | Noticed Natasha
  1970 | D:3      | Killed Natasha
  1971 | D:3      | Reached skill level 4 in Axes
  1971 | D:3      | Reached XP level 5. HP: 17/53 MP: 4/4
  2205 | D:3      | Noticed Natasha
  2215 | D:3      | Killed Natasha
  2365 | D:3      | Found a runed translucent door.
  2368 | D:3      | Noticed topfpfpflanze's ghost (amateur OgAE)
  2392 | D:3      | Noticed Natasha
  2400 | D:3      | Killed Natasha
  2400 | D:3      | Reached *** piety under Trog
  2504 | D:3      | Noticed Sigmund
  2516 | D:3      | Killed Sigmund
  2517 | D:3      | Reached skill level 5 in Axes
  2517 | D:3      | Reached skill level 1 in Throwing
  2517 | D:3      | Reached XP level 6. HP: 52/61 MP: 5/5
  2533 | D:3      | Found a runed translucent door.
  2600 | D:3      | Found a faded altar of an unknown god.
  2706 | D:3      | Killed topfpfpflanze's ghost
  2830 | D:4      | Found a glowing golden altar of the Shining One.
  2871 | D:4      | Reached XP level 7. HP: 66/68 MP: 6/6
  2893 | D:4      | Reached skill level 6 in Axes
  3117 | D:4      | Found a sand-covered staircase.
  3127 | Ossuary  | Entered an ossuary
  3156 | Ossuary  | Reached **** piety under Trog
  3633 | D:5      | Entered Level 5 of the Dungeon
  3741 | D:5      | Found a runed translucent door.
  3741 | D:5      | Noticed Ijyb
  3744 | D:5      | Found a staircase to the Ecumenical Temple.
  3771 | Temple   | Entered the Ecumenical Temple
  4368 | D:5      | Noticed Pikel
  4388 | D:5      | Killed Pikel
  4389 | D:5      | Reached skill level 7 in Axes
  4389 | D:5      | Reached XP level 8. HP: 25/79 MP: 7/7
  4592 | D:5      | Reached skill level 5 in Fighting
  4786 | D:5      | Reached skill level 8 in Axes
  5339 | D:6      | Reached XP level 9. HP: 27/88 MP: 8/8
  5341 | D:6      | HP: 2/88 [orc priest/divine providence (14)]
  5991 | D:7      | Reached skill level 9 in Axes
  6461 | D:7      | Reached ***** piety under Trog
  7398 | D:7      | Gained mutation: Your flesh is heat resistant. (rF+)
                  | [potion of mutation]
  7398 | D:7      | Gained mutation: You occasionally lose the ability to read
                  | scrolls when taking damage. [potion of mutation]
  7399 | D:7      | Lost mutation: Your flesh is heat resistant. (rF+) [potion
                  | of mutation]
  7399 | D:7      | Lost mutation: You occasionally lose the ability to read
                  | scrolls when taking damage. [potion of mutation]
  7399 | D:7      | Gained mutation: You are weak. (Str -2) [potion of
                  | mutation]
  7399 | D:7      | Gained mutation: You occasionally lose the ability to read
                  | scrolls when taking damage. [potion of mutation]
  7399 | D:7      | Gained mutation: You have large cloven feet. [potion of
                  | mutation]
  7399 | D:7      | Gained mutation: You have supernaturally acute eyesight.
                  | (SInv) [potion of mutation]
  7400 | D:7      | Lost mutation: You have supernaturally acute eyesight.
                  | (SInv) [potion of mutation]
  7400 | D:7      | Lost mutation: You occasionally lose the ability to read
                  | scrolls when taking damage. [potion of mutation]
  7400 | D:7      | Lost mutation: You are weak. (Str -2) [potion of mutation]
  7400 | D:7      | Gained mutation: You are partially covered in iridescent
                  | scales. (AC +2) [potion of mutation]
  7400 | D:7      | Gained mutation: You occasionally lose the ability to drink
                  | potions when taking damage. [potion of mutation]
  7400 | D:7      | Gained mutation: You possess an exceptional clarity of
                  | mind. [potion of mutation]
  7400 | D:7      | Gained mutation: You are strong-willed. (Will+) [potion of
                  | mutation]
  7455 | D:8      | Reached skill level 10 in Axes
  7531 | D:8      | HP: 3/136 [orc warrior/+0 glaive (17)]
  7533 | D:8      | Mangled by an orc warrior

Illustrated notes

Levels and vault maps discovered:
D:1:      dpeg_arrival_snail, layout_basic, columned_hall_lemuel,
          chequers_serial_rivers_micro_e, minmay_misc_feat_roman,
          minmay_misc_feat_tower
D:2:      cheibrodos_helix_gallery, layout_loops_corners
D:3:      layout_loops_ring, shapermc_ecumenical_altar_hornbeckon,
          ebering_ghost_sewer_f, uniq_natasha, uniq_sigmund
D:4:      layout_basic, tso_altar, nicolae_ossuary_entry_ruins,
          interstate_on_off
D:5:      layout_loops_cross, minmay_temple_entry_mist, lightli_church_of_beogh,
          uniq_pikel, uniq_ijyb
D:6:      layout_basic
D:7:      layout_loops_corners, serial_undead, serial_undead_d, serial_undead_c,
          serial_undead_c, serial_undead_e
D:8:      layout_rooms, nemelex_xobeh_ov_fountains_minmay
Temple:   compressed_dpeg_triangle_lava_temple

Skill      XL: |  1  2  3  4  5  6  7  8  9 |
---------------+----------------------------+-----
Axes           | 3 4 5 7 8 10 | 10.1
Fighting       | 3 4 5 7 |  7.0
Throwing       | 1 2 |  2.9
Dodging        | |  2.4

Action                   |  1- 3 |  4- 6 |  7- 9 || total
-------------------------+-------+-------+-------++-------
Melee: Hand axe          |   147 |   120 |   520 ||   787
       Punch             |     1 |     5 |     7 ||    13
       War axe           |       |    13 |       ||    13
       Kick              |       |       |     4 ||     4
Throw: Stone             |     5 |     4 |    24 ||    33
       Dart              |       |     4 |       ||     4
Invok: Berserk           |       |       |     1 ||     1
  Use: Scroll            |       |     1 |     4 ||     5
       Potion            |       |       |     6 ||     6
Armor: Animal skin       |    46 |    36 |   101 ||   183
       Skin              |       |       |     9 ||     9
Dodge: Dodged            |    66 |    73 |   230 ||   369
